Map: Automaton LE

Players

Piroxiljin - Winner!

  • Race: Terran Terran
  • Spawn Location: 9:00

A.I. 1 (Hard)

  • Race: Protoss Protoss
  • Spawn Location: 3:00

VOD

Have the link to the VOD?

Description

Time

  • Played on: Jan. 28, 2019, 11:08 a.m.
  • Length: 29:35
Show
View Real Time Build Order
Export as new Build Order

Piroxiljin Terran - Winner!

Build Orders:  

Get SALT Encoding   

  12  0:01  SCV  
  13  0:14  SCV  
  14  0:23  Supply Depot  
  14  0:26  SCV  
  15  0:44  SCV  
  15  0:46  Barracks  
  16  0:50  Barracks  
  16  0:56  SCV  
  17  0:58  Refinery  
  17  1:09  SCV  
  18  1:24  SCV  
  19  1:32  Supply Depot  
  19  1:37  Orbital Command  
  19  1:46  Barracks Tech Lab  
  19  2:03  SCV  
  20  2:13  Factory  
  20  2:18  Marauder  
  22  3:11  Barracks Tech Lab  
  22  3:13  Factory, SCV  
  22  3:19  Refinery  
  23  3:24  Supply Depot  
  23  3:25  SCV  
  24  3:28  Supply Depot  
  24  3:34  Engineering Bay  
  24  3:40  Command Center  
  24  4:02  Barracks  
  24  4:12  Barracks Tech Lab  
  24  4:18  Cyclone  
  27  4:35  Hellion  
  27  4:38  Concussive Shells  
  29  4:40  Marine  
  30  4:45  SCV  
  31  4:53  Orbital Command  
  31  4:56  Hellion  
  31  4:57  Marine  
  31  4:58  SCV  
  35  5:21  Mag-Field Accelerator  
  35  5:24  Terran Infantry Weapons Level 1  
  35  5:30  Armory  
  35  5:35  Marine  
  36  5:48  Missile Turret  
  36  5:51  Missile Turret  
  36  5:53  Missile Turret, Marine  
  37  5:57  SCV  
  38  6:07  SCV  
  38  6:09  SCV  
  40  6:14  Missile Turret  
  40  6:15  Missile Turret, Supply Depot  
  40  6:16  Supply Depot  
  40  6:17  Supply Depot  
  40  6:20  SCV, Refinery  
  40  6:21  SCV  
  40  6:22  Refinery  
  42  6:26  Siege Tank  
  42  6:32  SCV, Widow Mine  
  48  6:34  SCV  
  47  6:44  SCV  
  47  6:46  SCV  
  49  6:56  SCV  
  49  6:58  SCV  
  46  7:10  SCV  
  40  7:16  Marine  
  40  7:18  Siege Tank x2  
  44  7:34  Marine x2  
  44  7:52  Marine x2  
  43  8:10  Marine x2  
  45  8:14  Command Center  
  45  8:27  Command Center  
  45  8:45  Siege Tank x2  
  51  8:58  Marine  
  52  9:11  Factory  
  52  9:16  Marine  
  53  9:17  Cyclone  
  53  9:20  Barracks  
  56  9:28  SCV  
  57  9:33  Marine  
  58  9:40  SCV  
  59  9:51  Marine  
  60  9:53  SCV  
  61  10:09  Marine  
  62  10:16  Factory Tech Lab  
  62  10:18  Terran Vehicle Weapons Level 1  
  62  10:19  Missile Turret  
  62  10:20  Terran Infantry Armor Level 1  
  62  10:27  Engineering Bay  
  62  10:40  Missile Turret  
  62  10:45  SCV  
  63  10:52  Orbital Command  
  63  10:58  SCV, Refinery  
  63  10:59  SCV  
  63  11:03  Missile Turret  
  65  11:05  Refinery  
  65  11:06  Refinery  
  65  11:11  SCV  
  66  11:23  Cyclone x2  
  66  11:24  SCV  
  73  11:36  SCV  
  74  11:48  SCV  
  75  12:05  Missile Turret  
  75  12:23  Marine x2  
  75  12:24  Cyclone  
  75  12:25  Cyclone, Thor  
  89  12:44  Bunker  
  89  12:57  Siege Tank  
  92  13:05  Thor  
  89  13:22  Missile Turret  
  89  13:30  Supply Depot  
  89  13:32  SCV, Supply Depot  
  90  13:35  Supply Depot  
  90  13:42  SCV  
  90  13:44  SCV  
  92  13:54  SCV  
  93  13:58  Siege Tank x3  
  102  14:03  Barracks Tech Lab  
  102  14:06  SCV  
  102  14:07  Factory, Terran Infantry Armor Level 2  
  102  14:09  Terran Vehicle Weapons Level 2  
  103  14:18  Armory  
  103  14:19  Armory  
  103  14:31  SCV, Missile Turret  
  103  14:34  SCV  
  105  14:41  Cyclone, Siege Tank x2  
  105  14:43  SCV  
  115  14:46  SCV  
  115  14:49  Drilling Claws  
  116  14:58  SCV  
  107  15:10  SCV  
  105  15:22  SCV  
  71  17:14  Cyclone, Siege Tank x2  
  80  17:18  Missile Turret  
  80  17:21  Missile Turret  
  80  17:31  Marine x3  
  83  17:44  Terran Vehicle Weapons Level 3  
  83  17:46  Terran Vehicle And Ship Armor Level 1, Cyclone, Thor  
  83  17:47  Hellion  
  94  17:53  SCV  
  94  17:58  SCV  
  96  17:59  Factory  
  96  18:01  Factory  
  96  18:05  SCV  
  97  18:08  Hellion  
  97  18:10  SCV  
  100  18:18  Cyclone  
  103  18:29  Cyclone, Siege Tank  
  109  18:50  Siege Tank  
  107  19:01  Thor x2  
  108  19:19  Starport  
  108  19:20  Starport  
  108  19:23  Starport  
  88  19:49  Command Center  
  85  20:19  Factory  
  85  20:24  Missile Turret  
  85  20:26  Cyclone x2, Siege Tank  
  85  20:27  Marine  
  85  20:28  Marine x2  
  97  20:31  Factory Tech Lab x2  
  97  20:40  Starport Tech Lab  
  97  20:41  Starport Tech Lab  
  97  20:45  Marine  
  98  20:58  Siege Tank  
  98  20:59  Widow Mine  
  103  21:07  Factory Tech Lab  
  103  21:09  Cyclone x2, Refinery, Siege Tank  
  112  21:13  Refinery  
  112  21:20  Siege Tank  
  112  21:21  Factory Tech Lab  
  115  21:30  Thor  
  121  21:40  Thor  
  125  22:01  Medivac x2  
  132  22:08  Cyclone  
  132  22:19  Supply Depot x2  
  132  22:31  Orbital Command  
  132  22:40  Cyclone, Siege Tank x2, Thor  
  147  23:36  Supply Depot x2  
  147  23:40  SCV  
  148  23:57  SCV, Raven, Thor  
  148  23:58  Siege Tank x2  
  148  23:59  Supply Depot  
  148  24:00  Supply Depot  
  164  24:10  SCV  
  164  24:21  Raven, Cyclone x2  
  166  25:05  Thor x2  
  178  25:40  Supply Depot  
  178  25:46  SCV  
  179  25:58  SCV  
  179  26:02  Supply Depot, Thor  
  186  26:10  SCV  
  187  26:24  Siege Tank, Thor  
  196  26:28  Supply Depot  
  196  26:50  Siege Tank  
  196  26:51  Supply Depot  
Show
View Real Time Build Order
Export as new Build Order

A.I. 1 (Hard) Protoss 

Build Orders:  

Get SALT Encoding   

  12  0:00  Probe  
  13  0:13  Probe  
  14  0:21  Pylon  
  14  0:25  Probe  
  15  0:35  Probe  
  16  0:43  Probe  
  16  0:49  Assimilator  
  17  0:51  Gateway  
  17  0:52  Probe  
  18  1:00  Probe  
  18  1:02  Pylon  
  19  1:24  Probe  
  20  1:37  Zealot  
  22  1:40  Cybernetics Core  
  22  1:45  Gateway  
  22  1:50  Assimilator  
  22  2:05  Pylon  
  22  2:15  Stalker  
  24  2:27  Warp Gate  
  24  2:32  Zealot  
  26  2:46  Stalker  
  26  2:49  Pylon  
  28  2:52  Stalker  
  30  3:16  Stalker  
  30  3:18  Probe  
  33  3:28  Pylon  
  33  3:29  Adept  
  33  3:30  Probe  
  36  3:42  Probe  
  36  3:43  Stalker  
  39  3:50  Forge  
  39  3:54  Probe  
  40  3:59  Stalker  
  42  4:07  Probe  
  43  4:19  Adept, Probe  
  46  6:00  Protoss Ground Weapons Level 1  
  46  6:19  Sentry  
  46  6:23  Gateway  
  46  6:24  Twilight Council  
  48  6:27  Nexus, Pylon  
  48  6:30  Photon Cannon, Sentry  
  48  6:32  Photon Cannon  
  50  6:34  Robotics Facility  
  50  6:37  Forge  
  50  6:40  Zealot  
  50  6:45  Stargate  
  52  6:47  Pylon  
  52  6:52  Zealot  
  54  7:00  Protoss Ground Armor Level 1  
  54  7:03  Blink, Sentry  
  54  7:14  Stalker  
  52  7:22  Observer  
  51  7:25  Stalker  
  53  7:35  Sentry  
  55  7:40  Probe  
  55  7:42  Probe  
  55  7:43  Observer  
  58  7:48  Assimilator  
  58  7:50  Pylon  
  58  7:51  Assimilator, Pylon  
  58  7:52  Probe  
  58  7:54  Probe  
  58  7:57  Stalker  
  60  8:04  Probe  
  53  8:06  Probe  
  53  8:08  Adept  
  53  8:12  Photon Cannon  
  54  8:16  Probe  
  54  8:18  Probe  
  54  8:19  Adept  
  58  8:26  Photon Cannon  
  58  8:29  Probe, Zealot  
  58  8:30  Probe  
  62  8:38  Probe  
  62  8:40  Zealot  
  62  8:41  Probe  
  65  8:46  Probe  
  66  8:51  Stalker  
  66  8:53  Probe  
  70  8:56  Probe  
  71  9:05  Probe  
  71  9:08  Probe  
  73  9:16  Probe  
  73  9:20  Probe  
  75  10:17  Observer  
  75  10:35  Protoss Ground Weapons Level 2  
  75  10:54  Warp Prism  
  75  10:55  Protoss Ground Armor Level 2  
  75  10:56  Gateway  
  77  11:02  Templar Archives  
  77  11:05  Robotics Bay  
  77  11:08  Nexus  
  77  11:10  Fleet Beacon  
  77  11:13  Robotics Facility  
  77  11:17  Pylon  
  77  11:20  Warp Prism  
  69  11:38  Stalker, Stargate  
  71  11:49  High Templar  
  71  11:52  Gravitic Boosters  
  73  11:56  Warp Prism  
  73  11:59  High Templar  
  73  12:00  Observer  
  78  12:06  Protoss Air Weapons Level 1  
  78  12:10  Carrier  
  78  12:14  Colossus  
  84  12:22  Probe  
  91  12:24  Probe  
  91  12:25  Probe  
  93  12:31  Probe, Protoss Shields Level 1  
  93  12:32  Archon, High Templar, Assimilator  
  93  12:36  Probe  
  95  12:37  Probe, Pylon  
  95  12:38  Pylon  
  95  12:39  Probe  
  95  12:41  Assimilator  
  95  12:43  High Templar, Dark Shrine  
  99  12:48  Probe x2  
  99  12:49  Gravitic Drive  
  99  12:50  Probe  
  102  13:00  Photon Cannon, Probe  
  102  13:01  Probe  
  102  13:02  Photon Cannon, Probe  
  91  13:05  Zealot  
  91  13:12  Probe  
  84  13:14  Probe  
  84  13:16  Stalker  
  85  13:27  Stalker  
  87  13:38  Zealot  
  87  13:41  Observer  
  89  13:48  Sentry  
  89  13:50  Protoss Air Armor Level 1  
  91  13:59  High Templar  
  93  14:10  Archon  
  93  14:11  Dark Templar  
  95  14:26  Protoss Shields Level 2  
  95  14:38  Zealot  
  97  14:41  Adept  
  103  14:45  Immortal  
  103  14:49  Zealot  
  103  14:50  Pylon  
  103  14:51  Observer  
  105  14:53  Zealot  
  105  14:58  Zealot  
  107  15:02  Stalker  
  99  15:10  Dark Templar  
  99  15:13  Immortal  
  83  15:14  Immortal  
  83  15:15  Zealot  
  83  15:18  Zealot  
  81  15:26  Adept  
  86  15:32  Stalker  
  84  15:38  Sentry  
  85  15:43  Probe, Zealot  
  85  15:46  Sentry, Probe  
  85  15:47  Probe  
  86  15:52  Observer  
  86  15:55  Zealot  
  86  15:56  Probe  
  89  15:58  Probe  
  89  16:00  Probe  
  89  16:01  Adept  
  91  16:05  Stalker  
  91  16:08  Probe  
  91  16:09  Stalker  
  80  16:15  Probe  
  80  16:17  Zealot  
  74  16:20  Probe  
  74  16:22  Sentry  
  75  16:27  Probe  
  75  16:28  Zealot  
  75  16:29  Nexus  
  75  16:32  Stalker  
  80  16:33  Probe  
  80  16:36  Stalker  
  83  16:45  Zealot  
  84  16:48  Zealot  
  85  16:55  Adept  
  85  16:59  Stalker  
  82  17:03  Stalker  
  82  17:06  Sentry  
  71  17:16  Adept  
  71  17:19  Zealot  
  74  17:24  Zealot  
  75  17:30  Zealot  
  77  17:37  Zealot  
  77  17:39  Observer  
  79  17:47  Zealot  
  81  17:58  Stalker  
  83  18:02  Sentry  
  81  18:29  Immortal  
  84  18:40  Immortal  
  83  18:55  Stalker  
  80  19:06  Nexus  
  49  19:56  Zealot  
  49  19:59  Nexus  
  47  20:40  Stalker  
  48  20:45  Disruptor  
  48  20:47  Observer  
  52  20:51  Stalker  
  54  20:57  Stalker  
  54  20:59  Nexus  
  54  21:03  Sentry  
  57  21:09  Disruptor  
  57  21:25  Nexus  
  60  21:47  Sentry  
  60  21:49  Nexus  
  60  21:51  Stalker  
  57  21:57  Zealot  
  56  22:02  Disruptor  
  56  22:07  Observer  
  56  22:12  Sentry  
  59  22:20  Nexus  
  59  22:21  Disruptor  
  59  22:38  Sentry  
  59  22:39  Observer  
  62  22:50  Zealot  
  63  22:51  Assimilator  
  63  22:54  Assimilator  
  63  23:07  Observer  
  62  23:37  Carrier  
  66  24:16  Stalker  
  67  24:20  Zealot  
  67  24:23  Stalker  
  70  24:27  Zealot  
  55  24:38  Zealot  
  55  24:41  Observer  
  55  24:42  Zealot  
  60  24:46  Zealot  
  60  24:50  Stalker  
  64  24:58  Sentry  
  66  25:14  Stalker  
  60  25:20  Stalker  
  55  25:26  Stalker  
  56  25:35  Stalker  
  57  26:01  Colossus  
  57  26:23  Observer  
  53  26:29  Probe  
  54  26:35  Stalker  
  56  26:46  Stalker, Probe  
  57  26:49  Probe  
  57  26:50  Probe, Zealot  
  57  26:53  Zealot  
  55  26:58  Probe  
  55  27:01  Probe  
  50  27:02  Probe  
  42  27:11  Probe  
  42  27:13  Probe  
  42  27:14  Probe, Zealot  
  33  27:19  Probe  
  29  27:25  Probe  
  29  27:27  Probe x2  
  28  27:35  Zealot  
  26  27:37  Probe x2  
  19  27:45  Zealot  
  19  27:49  Probe x2, Zealot  
  19  28:01  Probe  
  19  28:03  Probe  
  18  28:13  Probe x2  
  13  28:25  Probe  
  13  28:33  Pylon  
  12  28:37  Probe  
  7  28:50  Probe  
  7  28:51  Pylon  
Tags
 
Matchup
PvT
Spawn Locations
Cross Positions
Add a new tag
Caveats
  • Supply blocks, unpowered buildings, or Contaminate may cause inaccurate times.
  • Supply counts are checked every 10 seconds.